 Dungeon Crawl Stone Soup version 0.22-a0-240-g539252a (webtiles) character file.

2 tidbits the Insei (level 1, -2/17 HPs)
             Began as a Gnoll Transmuter on Feb 21, 2018.
             Slain by Sigmund
             ... wielding a +2 scythe of slicing
              (6 damage)
             ... on level 4 of the Dungeon.
             The game lasted 00:00:53 (94 turns).

tidbits the Insei (Gnoll Transmuter)                  Turns: 94, Time: 00:00:53

Health: -2/17      AC:  2    Str: 12    XL:     1   Next: 30%
Magic:  5/6        EV: 14    Int: 15    God:
Gold:   20         SH:  0    Dex: 15    Spells: 8/9 levels left

rFire    . . .     SeeInvis .     - Unarmed
rCold    . . .     Gourm    .   (no shield)
rNeg     . . .     Faith    .   b - +0 robe
rPois    .         Spirit   .   (no helmet)
rElec    .         Reflect  .   (no cloak)
rCorr    .         Harm     .   (no gloves)
MR       .....                  (no boots)
Stlth    +.........             (no amulet)
HPRegen  0.05/turn              (no ring)
MPRegen  0.10/turn              (no ring)

@: appendage
A: distributed training, fangs 1, horns 2, strong nose
a: End Transformation


You were on level 4 of the Dungeon.
You were not hungry.
You had grown temporary horns.
You visited 1 branch of the dungeon, and saw 4 of its levels.

You collected 20 gold pieces.

Inventory:

Missiles
 a - 12 arrows
Armour
 b - a +0 robe (worn)
Scrolls
 d - a scroll of remove curse {unknown}
 e - a scroll of teleportation {unknown}
Comestibles
 c - 2 rations


   Skills:
 + Level 2.3 Fighting
 + Level 0.0 Short Blades
 + Level 0.0 Long Blades
 + Level 0.0 Axes
 + Level 0.0 Maces & Flails
 + Level 0.0 Polearms
 + Level 0.0 Staves
 + Level 0.0 Slings
 + Level 0.0 Bows
 + Level 0.0 Crossbows
 + Level 0.0 Throwing
 + Level 0.0 Armour
 + Level 4.4 Dodging
 + Level 0.0 Stealth
 + Level 0.0 Shields
 + Level 6.4 Unarmed Combat
 + Level 4.8 Spellcasting
 + Level 0.0 Conjurations
 + Level 0.0 Hexes
 + Level 0.0 Charms
 + Level 0.0 Summonings
 + Level 0.0 Necromancy
 + Level 0.0 Translocations
 + Level 3.6 Transmutations
 + Level 0.0 Fire Magic
 + Level 0.0 Ice Magic
 + Level 0.0 Air Magic
 + Level 0.0 Earth Magic
 + Level 0.0 Poison Magic
 + Level 0.0 Invocations
 + Level 0.0 Evocations


You had 8 spell levels left.
You knew the following spells:

 Your Spells              Type           Power        Failure   Level  Hunger
e - Beastly Appendage     Tmut           ##....       3%          1    None


Dungeon Overview and Level Annotations

Branches:
Dungeon (4/15)
 Temple: D:4-7

Altars:

Annotations:
D:4 Menkaure, Sigmund


Innate Abilities, Weirdness & Mutations

Your experience applies equally to all skills.
You have very sharp teeth.
Your uncanny sense of smell can sniff out nearby items.
You have a pair of horns on your head.


Message History

Found a staircase leading out of the dungeon.
There is an escape hatch in the floor here.
You slide downwards.
The hatch slams shut behind you.
Found 11 gold pieces.
Unknown command.
Found a stone staircase leading up.
You see here 11 gold pieces.
You now have 11 gold pieces.
You open the door.
Found a scroll labeled ILE QEAJIO.
There is an open door here.
You see here a scroll labeled ILE QEAJIO.
d - a scroll labeled ILE QEAJIO A kobold comes into view.
It is wielding a dagger.
The kobold moves out of view.
Found a stone staircase leading down.
There is a stone staircase leading up here.
You climb upwards.
A frilled lizard comes into view.
Found 16 gold pieces.
There is a stone staircase leading down here.
You climb downwards.
There is a stone staircase leading up here.
Unknown command.
A rat and a giant cockroach come into view.
Found a scroll labeled QAFAIK INAVVOB.
A kobold comes into view. It is wielding a club.
There is a stone staircase leading down here.
You climb downwards.
You hear the sound of rushing water.
There is an entrance to a sewer on this level.
Hurry and find it before the portal rusts away!
There is a stone staircase leading up here.
Found 9 gold pieces.
A hobgoblin comes into view. It is wielding a club.
The hobgoblin shouts!
Casting: Beastly Appendage (safe; 3% risk of failure)
Confirm with . or Enter, or press ? or * to list all spells.
Your feet morph into talons.
You closely miss the hobgoblin. You claw the hobgoblin.
The hobgoblin is almost dead.
The hobgoblin hits you with a club.
You punch the hobgoblin!
You kill the hobgoblin!
You see here a club.
Found a scroll labeled HUCAUK VUROIZ.
You see here 9 gold pieces.
You now have 20 gold pieces (gained 9).
A bat comes into view.
You see here a scroll labeled HUCAUK VUROIZ.
e - a scroll labeled HUCAUK VUROIZ The bat misses you.
You miss the bat. The bat closely misses you. The bat completely misses you.
You hit the bat.
You kill the bat!
Your transformation is almost over.
Your talons disappear.
Found a ration.
Found a stone staircase leading down.
You see here a ration.
c - 2 rations (gained 1)
You hear the slow rusting of a distant drain.
There is a stone staircase leading down here.
You climb downwards.
An orc priest and Sigmund come into view.
Sigmund is wielding a scythe of slicing.
Found a chain mail.
There is a stone staircase leading up here.
Sigmund shouts!
You hear a shout!
You open the door.
Menkaure, Prince of Dust comes into view.
Found a scroll labeled ROCZEI GU SIGO.
You aren't carrying any potions.
Unknown command.
There is an open door here.
You see here a scroll labeled ROCZEI GU SIGO.
You aren't carrying any potions.
Unknown command.
Casting: Beastly Appendage (safe; 3% risk of failure)
Confirm with . or Enter, or press ? or * to list all spells.
You grow a pair of large bovine horns.
You hit Menkaure. You headbutt Menkaure.
Menkaure is moderately damaged.
Menkaure closely misses you.
You barely miss Menkaure. You headbutt Menkaure. You bite Menkaure.
Menkaure is heavily damaged.
Menkaure completely misses you.
Sigmund hits you from afar with a scythe of slicing.
* * * LOW HITPOINT WARNING * * *
x2 You hit Menkaure.
Menkaure is severely damaged.
The orc priest begins to cast a cantrip, but forgets the words!
Menkaure calls on the powers of darkness!
Your body is wracked with pain!
* * * LOW HITPOINT WARNING * * *
Sigmund convulses!
The orc priest convulses!
You barely miss Menkaure.
Menkaure is severely damaged.
Sigmund hits you from afar with a scythe of slicing.
You die...

##......# ∆
......... ∆
........#########
........##......##.
#......##.........
#......##........o
#......#.........[
+....M@#..........
#......'@.<.......
#########.........
#...o.....
..........
##@.....##.
#......# #.......
#........


You could see Sigmund, Menkaure and an orc priest.

Vanquished Creatures
  A hobgoblin (D:3)
  A bat (D:3)
2 creatures vanquished.

Notes
Turn   | Place    | Note
-------+----------+-------------------------------------------
     0 | D:1      | tidbits the Gnoll Transmuter began the quest for the Orb.
     0 | D:1      | Reached XP level 1. HP: 17/17 MP: 6/6
    84 | D:4      | Noticed Sigmund
    84 | D:4      | Noticed an orc priest
    87 | D:4      | Noticed Menkaure
    94 | D:4      | Slain by Sigmund

Vault maps used:
D:1:      shiori_arrival_maze, hangedman_glass_teeth, minmay_tetromino_o2
D:2:      chequers_temple_overflow_statue_of_worship, uniq_terence
D:3:      cheibrodos_sewer_entry_drain, first_ration, minmay_checkerbox
D:4:      serial_park_tiny_2, uniq_menkaure, uniq_sigmund, uniq_grinder

Action                   || total
-------------------------++-------
Melee: Unarmed           ||     8
       Headbutt          ||     2
       Kick              ||     1
       Bite              ||     1
 Cast: Beastly Appendage ||     2
Dodge: Dodged            ||     5

Table legend:
 A = Spawn XP
 B = Non-spawn XP
 C = Spawn XP percentage of total XP
 D = Spawn monster count
 E = Non-spawn monster count
 F = Spawn count percentage of total count
 G = Total turns spent on level
                    A         B        C        D         E        F      G
               +---------+---------+-------+---------+---------+-------+---------
         Total |       0 |       3 |   0.0 |       0 |       2 |   0.0 |    94
               +---------+---------+-------+---------+---------+-------+---------
           D:3 |       0 |       3 |   0.0 |       0 |       2 |   0.0 |    53
               +---------+---------+-------+---------+---------+-------+---------

Table legend:
 A = Turns spent in this place as a percentage of turns spent in the entire game.
 B = Non-inter-level travel turns spent in this place as a percentage of non-inter-level travel turns spent in the entire game.
 C = Inter-level travel turns spent in this place as a percentage of turns spent in this place.
 D = Turns resting spent in this place as a percentage of non-inter-level travel turns spent in this place.
 E = Turns spent auto-exploring this place as a percentage of non-inter-level travel turns spent in this place.
 F = Non-inter-level travel turns spent in this place divided by the number of levels of this place that you've seen.
                   A       B       C       D       E      F
               +-------+-------+-------+-------+-------+----------------------
         Total | 100.0 | 100.0 |   0.0 |   0.0 |   0.0 |  23.5
       Dungeon | 100.0 | 100.0 |   0.0 |   0.0 |   0.0 |  23.5
               +-------+-------+-------+-------+-------+----------------------

Table legend:
 A = Kills in this place as a percentage of kills in entire the game.
 B = Kills by you in this place as a percentage of kills by you in the entire game.
 C = Kills by friends in this place as a percentage of kills by friends in the entire game.
 D = Other kills in this place as a percentage of other kills in the entire game.
 E = Experience gained in this place as a percentage of experience gained in the entire game.
 F = Experience gained in this place divided by the number of levels of this place that you have seen.
                   A       B       C       D       E      F
               +-------+-------+-------+-------+-------+----------------------
         Total | 100.0 | 100.0 |   N/A |   N/A | 100.0 |   0.8
       Dungeon | 100.0 | 100.0 |   N/A |   N/A | 100.0 |   0.8
               +-------+-------+-------+-------+-------+----------------------

Vault maps used:
D:1:      shiori_arrival_maze, hangedman_glass_teeth, minmay_tetromino_o2
D:2:      chequers_temple_overflow_statue_of_worship, uniq_terence
D:3:      cheibrodos_sewer_entry_drain, first_ration, minmay_checkerbox
D:4:      serial_park_tiny_2, uniq_menkaure, uniq_sigmund, uniq_grinder
